 Dungeon Crawl Stone Soup version 0.23.2-1-ga50397a (webtiles) character file.

Game seed: 5675454677682061373

189 MovingMist the Skirmisher (level 5, -1/33 HPs)
             Began as a Gargoyle Fighter on Apr 17, 2019.
             Slain by an ogre
             ... wielding a +0 giant club
              (20 damage)
             ... on level 4 of the Dungeon.
             The game lasted 00:04:58 (2896 turns).

MovingMist the Skirmisher (Gargoyle Fighter)        Turns: 2896, Time: 00:04:59

Health: -1/33      AC: 13    Str: 19    XL:     5   Next: 68%
Magic:  5/5        EV:  6    Int:  9    God:
Gold:   203        SH:  9    Dex: 10    Spells: 4/4 levels left

rFire    . . .     SeeInvis .   a - +0 flail
rCold    . . .     Gourm    .   c - +0 shield
rNeg     + . .     Faith    .   m - +0 chain mail
rPois    ∞         Spirit   .   (no helmet)
rElec    +         Reflect  .   (no cloak)
rCorr    .         Harm     .   (no gloves)
MR       .....                  (no boots)
Stlth    ..........             (no amulet)
HPRegen  0.11/turn              (no ring)
MPRegen  0.09/turn              (no ring)

@: no status effects
A: negative energy resistance 1, electricity resistance, unbreathing,
petrification resistance, rot immunity, AC +4
a: no special abilities


You were on level 4 of the Dungeon.
You were hungry.

You visited 1 branch of the dungeon, and saw 4 of its levels.

You collected 203 gold pieces.

Inventory:

Hand Weapons
 a - a +0 flail (weapon)
Armour
 c - a +0 shield (worn)
 m - a +0 chain mail (worn)
Wands
 t - a wand of scattershot (6)
Scrolls
 b - a scroll of magic mapping {unknown}
 e - 6 scrolls of identify {unknown}
 g - 3 scrolls of teleportation {unknown}
 j - a scroll of noise {unknown}
 k - 2 scrolls of immolation {unknown}
 l - 2 scrolls of remove curse {unknown}
 n - 2 scrolls of amnesia {unknown}
 p - a scroll of fog {unknown}
Potions
 d - 3 potions of might
 h - 2 potions of curing {unknown}
 i - 3 potions of brilliance {unknown}
 o - a potion of agility {unknown}
 q - 2 potions of degeneration {unknown}
 r - a potion of cancellation {unknown}
Comestibles
 f - 5 rations


   Skills:
 + Level 4.2 Fighting
 + Level 3.0 Maces & Flails
 + Level 4.1 Armour
 * Level 2.5 Dodging
 - Level 3.2 Shields


You had 4 spell levels left.
You didn't know any spells.
Your spell library was empty.

Dungeon Overview and Level Annotations

Branches:
Dungeon (4/15)
 Temple: D:4-7

Altars:
Ashenzari
Elyvilon
Hepliaklqana
Qazlal
Sif Muna


Innate Abilities, Weirdness & Mutations

You are resistant to torment.
Your stone body is resilient. (AC +4)
You are immune to poison.
You resist negative energy. (rN+)
You are resistant to electric shocks. (rElec)
You can survive without breathing.
You are immune to petrification.
You are immune to rotting.


Message History

You see here 27 stones.
You hit the ogre but do no damage. The ogre barely misses you.
You sock the ogre!
The ogre is moderately wounded.
You block the ogre's attack.
You barely miss the ogre.
The ogre is moderately wounded.
The ogre barely misses you.
You sock the ogre!
The ogre is heavily wounded.
You block the ogre's attack.
You hit the ogre.
The ogre is severely wounded.
The ogre barely misses you.
You hit the ogre.
The ogre is severely wounded.
The ogre hits you with a +0 giant club!
The ogre hits you with a +0 giant club!!
Ouch! That really hurt!
You die...

#.#...............
#.#..=###.....###. ###
#.#. #####..##.
#.####.# #....#
#...##.# ###<..
#.#....##############..
#.####...........(.....
#.# #.##############..
#.## #@# ##. #..# #O#
## ##.# #.# # #.# #.#
#.# #.# #.# #.# #.###.#
#..##.# ##.##.#


You could see an ogre.

Vanquished Creatures
  2 orc priests (D:3)
  A hound skeleton (D:4)
  4 adders
  2 worms (D:2)
  2 dart slugs
  7 orcs (D:3)
  9 bats
  4 giant cockroaches
  5 goblins
  7 hobgoblins
  10 jackals
  3 kobolds
  2 frilled lizards
  A rat (D:2)
59 creatures vanquished.

Notes
Turn   | Place    | Note
-------+----------+-------------------------------------------
     0 | D:1      | MovingMist the Gargoyle Fighter began the quest for the
                  | Orb.
     0 | D:1      | Reached XP level 1. HP: 14/14 MP: 1/1
   137 | D:1      | Reached XP level 2. HP: 10/19 MP: 2/2
   343 | D:1      | Reached skill level 1 in Dodging
   426 | D:1      | Reached XP level 3. HP: 22/23 MP: 3/3
  1070 | D:2      | Found a stormy altar of Qazlal.
  1070 | D:2      | Found a deep blue altar of Sif Muna.
  1230 | D:2      | Found a shattered altar of Ashenzari.
  1231 | D:2      | Found a white marble altar of Elyvilon.
  1309 | D:2      | Reached XP level 4. HP: 24/29 MP: 4/4
  1742 | D:3      | Found a hazy altar of Hepliaklqana.
  2036 | D:3      | Reached XP level 5. HP: 33/33 MP: 5/5
  2469 | D:4      | Noticed an ogre
  2896 | D:4      | Slain by an ogre

Skill      XL: |  1  2  3  4  5 |
---------------+----------------+-----
Dodging        | 1 2 |  2.5
Fighting       | 4 |  4.2
Armour         | 4 |  4.1
Maces & Flails | 3 |  3.0
Shields        | |  3.2

Action                   |  1- 3 |  4- 6 || total
-------------------------+-------+-------++-------
Melee: Flail             |   117 |   133 ||   250
  Eat: Chunk             |     1 |     5 ||     6
Armor: Scale mail        |    88 |       ||    88
       Chain mail        |    16 |    87 ||   103
Dodge: Dodged            |    51 |    46 ||    97
Block: Shield            |   101 |    69 ||   170
